[Event "*** Titled Tuesday Blitz"]
[Site "Chess.com"]
[Date "2020.05.12"]
[Round "7"]
[White "mariangie523"]
[Black "Chuchofrio1"]
[Result "1-0"]
[WhiteElo "2063"]
[BlackElo "2212"]
[TimeControl "180+1"]
[EndTime "11:16:50 PDT"]
[Termination "mariangie523 won by checkmate"]

1. e4 e5 2. Nf3 Nc6 3. Bc4 Nf6 4. d3 Be7 5. c3 O-O 6. Nbd2 d6 7. h3 a6 8. Bb3 Na5 9. Bc2 c5 10. O-O Qc7 11. Re1 Nc6 12. Nf1 d5 13. Bg5 Rd8 14. Qe2 d4 15. Ng3 h6 16. Bd2 b5 17. Nh4 Be6 18.
Nhf5 Bf8 19. Qf3 Ne8 20. cxd4 Nxd4 21. Nxd4 cxd4 22. Rac1 Rac8 23. Nf5 Qd7 24. Ba5 Nc7 25. Qg3 Bxf5 26. exf5 f6 27. Bb3+ Kh8 28. Qf3 Re8 29.
Qb7 Bd6 30. Be6 Rxe6 31. fxe6 Qxe6 32. Bxc7 Rxc7 33. Rxc7 Bxc7 34. Qxc7 Qxa2 35. Qc8+ Kh7 36. Qf5+ Kg8 37. Rc1 Qxb2 38. Rc8+ Kf7 39. Rc7+ Kg8 40.
Qd7 Qc1+ 41. Rxc1 Kh8 42. Rc7 Kh7 43. Qxg7# 1-0

[Event "*** Titled Tuesday Blitz"]
[Site "Chess.com"]
[Date "2020.05.12"]
[Round "7"]
[White "AquivaRubinstein"]
[Black "chenxiaoyuer"]
[Result "1-0"]
[WhiteElo "2412"]
[BlackElo "2227"]
[TimeControl "180+1"]
[EndTime "11:16:51 PDT"]
[Termination "AquivaRubinstein won on time"]

1. d4 Nf6 2. c4 g6 3. Nc3 Bg7 4. e4 d6 5. Nf3 O-O 6. h3 e5 7. d5 a5 8. Bg5 Na6 9. g4 h6 10.
Be3 Nd7 11. Qd2 Kh7 12. h4 Ndc5 13. h5 g5 14. Be2 Bd7 15. b3 a4 16. Rb1 axb3 17.
axb3 Nb4 18. Nb5 Nca6 19. O-O Qe7 20. Rfd1 Rfd8 21. Nh2 Be8 22. Nf1 c5 23. Ng3 Bd7 24. Ra1 Rdc8 25. f3 Bf8 26. Nc3 Nc7 27. Na4 Bxa4 28.
bxa4 Nca6 29. Nf5 Qf6 30. Kg2 Nc7 31. a5 Ne8 32. Qb2 Ng7 33. Bd2 Nxf5 34. exf5 Bg7 35. Bxb4 cxb4 36. Qxb4 e4 37. fxe4 Qe5 38. Ra3 Rc5 39.
Bf3 Rac8 40. Qxb7 Rxc4 41. Rd2 Rc2 42. Rd3 1-0

[Event "*** Titled Tuesday Blitz"]
[Site "Chess.com"]
[Date "2020.05.12"]
[Round "7"]
[White "Duhless"]
[Black "bancsoo"]
[Result "1-0"]
[WhiteElo "3087"]
[BlackElo "2759"]
[TimeControl "180+1"]
[EndTime "11:16:52 PDT"]
[Termination "Duhless won by resignation"]

1. d4 d5 2. c4 e6 3. Nf3 Nf6 4. g3 dxc4 5. Bg2 a6 6. O-O Nc6 7. Qc2 Nxd4 8. Nxd4 Qxd4 9. Rd1 Qe5 10. Bf4 Qc5 11.
Nd2 Nd5 12. Be5 f6 13. Ne4 Qb5 14. Bd4 Be7 15. Rac1 O-O 16. Qxc4 Qxc4 17. Rxc4 c6 18. Bc5 Bxc5 19. Nxc5 f5 20. e4 fxe4 21. Rxe4 Kf7 22. Rde1 Re8 23. Bh3 Nf6 24. Re5 Nd7 25. Rxe6 Nf6 26.
Rxe8 Nxe8 27. Bxc8 Rxc8 28. Nxb7 Rb8 29. Na5 Rxb2 30. Nxc6 Rxa2 31. Nd8+ Kf8 32. Ne6+ Kf7 33. Ng5+ Kg6 34. Nxh7 Nc7 35. Nf8+ Kf7 36. Nd7 Ne6 37. Ne5+ Kf6 38. Ng4+ Kf7 39. Rb1 a5 40. Rb7+ Kg6 41.
Rb6 Kf5 42. Ne3+ Ke5 43. f4+ Ke4 44. Rxe6+ Kf3 45. Nd1 a4 46. Re3+ Kg4 47. Nf2+ Kf5 48. Re5+ 1-0

[Event "*** Titled Tuesday Blitz"]
[Site "Chess.com"]
[Date "2020.05.12"]
[Round "7"]
[White "snowlord"]
[Black "Aikiigm"]
[Result "1-0"]
[WhiteElo "2744"]
[BlackElo "2493"]
[TimeControl "180+1"]
[EndTime "11:16:52 PDT"]
[Termination "snowlord won by resignation"]

1. d4 Nf6 2. c4 c6 3. Bf4 d5 4. e3 Bf5 5. Nc3 Nbd7 6. Qb3 Qb6 7.
c5 Qxb3 8. axb3 a6 9. b4 Rc8 10. h3 e6 11. Nf3 Be7 12. Nd2 Bd8 13. Nb3 Bc7 14. Bxc7 Rxc7 15. f4 h5 16. Kd2 Ne4+ 17.
Kc1 h4 18. Be2 Ke7 19. Re1 f6 20. Bf3 g5 21. Bxe4 Bxe4 22. Nxe4 dxe4 23. fxg5 fxg5 24. Nd2 Nf6 25. Kc2 Rcc8 26. Kb3 Rhg8 27. Rf1 Rcf8 28. Rae1 g4 29. Rf4 gxh3 30. gxh3 Rg3 31. Rxh4 Nd5 32. Rxe4 Rxh3 33. Nc4 Rf2 34. Rg4 Kf6 35. Rg8 Rh7 36.
Rf8+ Rf7 37. Rxf7+ Kxf7 38. e4 Rf3+ 39. Ka4 Rf2 40. exd5 exd5 41. Nd6+ Kf6 42. Ka5 Rxb2 43. Re8 Rd2 44. Kb6 Rxd4 45. Kxb7 Rxb4+ 46. Kxc6 d4 47. Re4 a5 48. Rf4+ Ke5 49. Rf5+ Ke6 50. Rf1 d3 51.
Re1+ Kf6 52. Kd5 a4 53. c6 d2 54. Rd1 Rb2 55. c7 Rc2 56. c8=Q Rxc8 57. Nxc8 1-0

[Event "*** Titled Tuesday Blitz"]
[Site "Chess.com"]
[Date "2020.05.12"]
[Round "7"]
[White "Escanor89"]
[Black "nicolochessit"]
[Result "1/2-1/2"]
[WhiteElo "2559"]
[BlackElo "2398"]
[TimeControl "180+1"]
[EndTime "11:16:52 PDT"]
[Termination "Game drawn by repetition"]

1. c4 e5 2. Nc3 Nf6 3. Nf3 Nc6 4.
e3 d5 5. cxd5 Nxd5 6. Bb5 Nxc3 7. bxc3 Bd6 8. d4 exd4 9. cxd4 O-O 10. O-O Ne7 11. e4 c6 12. Be2 Ng6 13. Re1 Re8 14.
Bc4 Bb4 15. Bd2 Bxd2 16. Qxd2 Be6 17. Rac1 Qe7 18. h3 Rad8 19. Qe3 Bxc4 20. Rxc4 Qf6 21. Rc5 Nf4 22. Rf5 Qxf5 23. exf5 Rxe3 24. fxe3 Nd5 25. e4 Nc3 26. Re3 Nb5 27. Rd3 f6 28. Kf2 Nd6 29.
Nd2 Kf7 30. g4 g6 31. Kf3 Re8 32. Kf4 g5+ 33. Kf3 h5 34. Re3 hxg4+ 35. hxg4 Rh8 36. e5 Rh3+ 37. Ke2 Rh2+ 38. Kd3 Rxd2+ 39. Kxd2 Nc4+ 40. Kd3 Nxe3 41. e6+ Ke7 42. Kxe3 Kd6 43. Kd3 b5 44. Kc3 a5 45. a3 Ke7 46. Kd3 Kd6 47. Kc3 Ke7 48.
Kc2 Kd6 49. Kd3 Ke7 50. Kc3 Kd6 51. a4 b4+ 52. Kc4 Ke7 53. Kb3 Kd6 54. Kc4 Ke7 55.
Kb3 Kd6 56. Kc4 1/2-1/2

[Event "*** Titled Tuesday Blitz"]
[Site "Chess.com"]
[Date "2020.05.12"]
[Round "7"]
[White "Natalya_Buksa"]
[Black "Chichin_chao"]
[Result "1-0"]
[WhiteElo "2522"]
[BlackElo "2358"]
[TimeControl "180+1"]
[EndTime "11:16:52 PDT"]
[Termination "Natalya_Buksa won on time"]

1. d4 Nf6 2. Nc3 d6 3. e4 Nbd7 4. Nf3 e5 5. Bc4 Be7 6. O-O O-O 7. Re1 exd4 8. Nxd4 Re8 9. a4 Bf8 10. Bg5 h6 11.
Bh4 Ne5 12. Bd3 c6 13. h3 Ng6 14. Bg3 Qb6 15. Nb3 a5 16. Qd2 Be6 17. Qd1 Rac8 18. Rb1 Rcd8 19. Nd2 d5 20. e5 Nd7 21. Nf3 Bb4 22.
Bxg6 fxg6 23. Nd4 Nf8 24. Qd3 c5 25. Nxe6 Qxe6 26. Re2 d4 27. Ne4 c4 28. Qf3 d3 29.
cxd3 cxd3 30. Re3 Qa2 31. Rd1 d2 32. Rd3 Qxa4 33. b3 Qc6 34. Nxd2 Rxd3 35. Qxd3 Ne6 36. Nc4 Nf8 37. Nd6 Re7 38. Kh2 Kh7 39. Bf4 Ne6 40.
Bg3 Nc5 41. Qc4 1-0

[Event "*** Titled Tuesday Blitz"]
[Site "Chess.com"]
[Date "2020.05.12"]
[Round "7"]
[White "Ashedu66"]
[Black "Kopytkin"]
[Result "0-1"]
[WhiteElo "2131"]
[BlackElo "2344"]
[TimeControl "180+1"]
[EndTime "11:16:52 PDT"]
[Termination "Kopytkin won on time"]

1. d4 d5 2. c4 Bf5 3. cxd5 Nf6 4. Nc3 Nxd5 5. f3 Nxc3 6. bxc3 c5 7. e4 Bd7 8. Be3 g6 9. Bc4 Bg7 10. Ne2 O-O 11. O-O Nc6 12. Rb1 Qc7 13. Bd3 Rfd8 14. Nf4 e6 15. d5 Na5 16. c4 b6 17. Qc1 Nb7 18. Be2 e5 19. Nd3 Nd6 20. Nf2 f5 21. f4 Nxe4 22. Nxe4 fxe4 23. Qd1 Qd6 24. Bg4 Rf8 25.
Bxd7 Qxd7 26. fxe5 Bxe5 27. Qc2 Qg4 28. Rbe1 Rf5 29.
Rxf5 gxf5 30. Qf2 Rf8 31. g3 h5 32. Bd2 h4 33. Bf4 Bd4 34. Be3 hxg3 35. Qxg3 Qxg3+ 36. hxg3 Kg7 37. Kg2 Kf6 38. Bf4 Be5 39. Rh1 Bxf4 40.
gxf4 Rg8+ 41. Kf2 Rg4 0-1

[Event "*** Titled Tuesday Blitz"]
[Site "Chess.com"]
[Date "2020.05.12"]
[Round "7"]
[White "VishnuPrasanna"]
[Black "SerGo055"]
[Result "0-1"]
[WhiteElo "2690"]
[BlackElo "2580"]
[TimeControl "180+1"]
[EndTime "11:16:53 PDT"]
[Termination "SerGo055 won by resignation"]

1. e4 d5 2. exd5 Qxd5 3. Nf3 Nf6 4. Be2 e5 5. O-O e4 6. Nc3 Qa5 7. Nd4 Qe5 8. Nb3 Bd6 9. g3 O-O 10. d4 exd3 11. cxd3 Nc6 12. Bf3 Re8 13. Bf4 Qe7 14.
Bg5 Qe5 15. Qd2 Bh3 16. Rfe1 Qf5 17. Bh1 h6 18. Bxf6 Qxf6 19. Ne4 Qg6 20. Nxd6 Qxd6 21.
d4 Rad8 22. Rxe8+ Rxe8 23. Re1 Rxe1+ 24. Qxe1 Nxd4 25. Nc1 Ne6 26. Bxb7 Qb6 27. Bd5 Qxb2 28. Bb3 Qd4 29. Qe3 Qxe3 30. fxe3 Kf8 31. Nd3 Ke7 32. Kf2 Bf5 33. Ne5 Be4 34. Ke2 f6 35. Ng4 Nc5 36. Bc4 Kd6 37. Kd2 Bd5 38. Kc3 Ne4+ 39. Kd4 Bxc4 40. Kxc4 f5 41. Kd4 c5+ 42. Kd3 h5 0-1

[Event "*** Titled Tuesday Blitz"]
[Site "Chess.com"]
[Date "2020.05.12"]
[Round "7"]
[White "MusicCityMaster"]
[Black "cukus"]
[Result "0-1"]
[WhiteElo "2323"]
[BlackElo "2512"]
[TimeControl "180+1"]
[EndTime "11:16:54 PDT"]
[Termination "cukus won by checkmate"]

1. e4 c6 2. d4 d5 3. Nd2 dxe4 4. Nxe4 Nf6 5. Nxf6+ exf6 6. Bc4 Bd6 7. Nf3 O-O 8.
O-O Bg4 9. h3 Bh5 10. Re1 Na6 11.
Bb3 Nc7 12. c4 Re8 13. Be3 Ne6 14. d5 Nf4 15. Bxf4 Bxf4 16. Qd3 Bc7 17. Rxe8+ Qxe8 18. Re1 Qd7 19. Qe3 h6 20. Nd4 Qd6 21. g3 Bg6 22.
Qe7 cxd5 23. cxd5 Qb6 24. Qe3 Be5 25. Nf3 Qxe3 26. Rxe3 Bxb2 27. Re7 b6 28. d6 Ba3 29. Rd7 Be4 30. Nd4 a6 31. f3 Bg6 32. Nc6 Bc5+ 33. Kg2 a5 34. Ne7+ Kh7 35. Nxg6 fxg6 36. Bf7 a4 37. f4 b5 38. Kf3 b4 39. Ke4 b3 40.
axb3 a3 41. b4 Bxb4 42. Kd5 a2 43. Kc4 a1=Q 44. f5 Qc3+ 45. Kd5 Qc5+ 46. Ke6 Qe5# 0-1

[Event "*** Titled Tuesday Blitz"]
[Site "Chess.com"]
[Date "2020.05.12"]
[Round "7"]
[White "JoachimMouhamad"]
[Black "dianosky"]
[Result "0-1"]
[WhiteElo "2216"]
[BlackElo "2411"]
[TimeControl "180+1"]
[EndTime "11:16:54 PDT"]
[Termination "dianosky won on time"]

1. e4 d6 2. d4 Nf6 3. Nc3 g6 4. Be3 Bg7 5. f3 O-O 6. Qd2 Re8 7. g4 a6 8. h4 h5 9. g5 Nfd7 10. f4 e6 11. Bd3 b5 12. O-O-O c5 13. Nf3 c4 14. Bf1 Bb7 15. a3 Qa5 16. f5 exf5 17. exf5 Bxf3 18. Bg2 Rxe3 19. Qxe3 Bxg2 20. Qe8+ Nf8 21.
fxg6 fxg6 22. Ne4 Nd7 23. Qe7 Bxh1 24. Rxh1 Qd8 25. Qxd6 Nb6 26. Qf4 Nd5 27. Qf3 Ra7 28. Rf1 Bxd4 29. Kb1 c3 30. Rd1 Ne6 31. Nf6+ Nxf6 32.
gxf6 Qxf6 33. Qe4 cxb2 34. Qd5 Rf7 35. a4 bxa4 36. Qa8+ Kg7 37. Qxa6 Nc5 38. Qc4 Rd7 39. c3 Bxc3 40. Rf1 Qd4 41. Qb5 Qd3+ 42. Qxd3 Nxd3 43.
Ka2 Nb4+ 44. Kb1 a3 45. Rf7+ Kg8 46. Rf8+ Kh7 47. Rf7+ Bg7 0-1

[Event "*** Titled Tuesday Blitz"]
[Site "Chess.com"]
[Date "2020.05.12"]
[Round "7"]
[White "CroissantNeuf"]
[Black "Morshynska"]
[Result "1-0"]
[WhiteElo "2348"]
[BlackElo "2165"]
[TimeControl "180+1"]
[EndTime "11:16:54 PDT"]
[Termination "CroissantNeuf won on time"]

1. Nf3 d5 2. g3 g6 3. Bg2 Bg7 4. d4 Nf6 5. c4 O-O 6. O-O Nc6 7. Nbd2 e6 8. b3 b6 9. Bb2 Bb7 10. Rc1 Rc8 11. cxd5 exd5 12. a3 Ne4 13. b4 Re8 14. e3 Ne7 15. Qb3 Nf5 16. Rfd1 a6 17. Nxe4 dxe4 18. Ne5 Nd6 19. Nc6 Qd7 20. d5 f6 21.
a4 h5 22. h4 Kh7 23. a5 g5 24.
hxg5 fxg5 25. Bxg7 Qxg7 26. Qc3 Qg6 27. Na7 Nb5 28.
Nxb5 axb5 29. axb6 cxb6 30. Qd4 h4 31. Rxc8 Bxc8 32. d6 Bd7 33. Rc1 Rf8 34. Bxe4 Bf5 35. Rc7+ Kg8 36. Bxf5 Rxf5 37. d7 Rf8 38. d8=Q Qb1+ 39.
Kh2 hxg3+ 40. Kg2 1-0

[Event "*** Titled Tuesday Blitz"]
[Site "Chess.com"]
[Date "2020.05.12"]
[Round "7"]
[White "Yaacovn"]
[Black "Biranidun"]
[Result "0-1"]
[WhiteElo "2835"]
[BlackElo "2705"]
[TimeControl "180+1"]
[EndTime "11:16:55 PDT"]
[Termination "Biranidun won on time"]

1. d4 Nf6 2. Nf3 g6 3. e3 Bg7 4. Be2 O-O 5. O-O c5 6. b3 cxd4 7. Nxd4 d5 8. Bb2 Re8 9. Nf3 Nc6 10. Ne5 Qc7 11. f4 Qb6 12. Bd4 Nxd4 13. Qxd4 Ne4 14. Bf3 Qxd4 15. exd4 Bf5 16. g4 Be6 17. Bxe4 dxe4 18.
f5 Bd5 19. c4 Bxe5 20. dxe5 Bc6 21. Nc3 Rad8 22. Rad1 a6 23. Kf2 f6 24. e6 h5 25. h3 hxg4 26. hxg4 Kg7 27. Ke3 Rxd1 28. Rxd1 Rh8 29. Nd5 Bxd5 30. cxd5 Rh4 31. d6 exd6 32. Rxd6 Rxg4 33. Rd8 Rg3+ 34. Kf4 Rf3+ 35. Kxe4 Rxf5 36. Rd7+ Kf8 37. Kd4 b5 38. a4 bxa4 39. bxa4 a5 40. Ra7 Ke8 41. Rg7 g5 42. Rf7 g4 43. Rg7 Rg5 44. Ra7 g3 0-1

[Event "*** Titled Tuesday Blitz"]
[Site "Chess.com"]
[Date "2020.05.12"]
[Round "7"]
[White "Shivagami"]
[Black "S_Kalvaitis"]
[Result "1-0"]
[WhiteElo "2214"]
[BlackElo "2367"]
[TimeControl "180+1"]
[EndTime "11:16:55 PDT"]
[Termination "Shivagami won by checkmate"]

1. d4 Nf6 2. c4 e6 3. Nc3 d5 4.
cxd5 exd5 5. Bg5 Be7 6. e3 O-O 7. Bd3 Nbd7 8. Qc2 Re8 9. f3 a6 10. Nge2 Nf8 11. O-O Be6 12. e4 dxe4 13. fxe4 Ng4 14.
Bxe7 Qxe7 15. Qd2 Qh4 16. h3 Nf6 17. Nf4 Rad8 18. d5 Bc8 19. Rae1 c6 20. dxc6 bxc6 21. Qe2 Ne6 22. Nxe6 Rxe6 23. e5 Nd5 24. Bxa6 Bxa6 25. Qxa6 Rg6 26. Nxd5 cxd5 27. Qb7 Rf8 28. Qxd5 Qxh3 29.
e6 fxe6 30. Rxf8+ Kxf8 31. Rf1+ Ke7 32. Qb7+ Kd6 33. Qb6+ Ke5 34. Qc5+ Ke4 35. Qc2+ Kd4 36. Qd2+ Qd3 37. Qb4+ Qc4 38. Rf4+ Ke3 39. Qxc4 e5 40.
Re4+ Kd2 41. Qc3+ Kd1 42. Re1# 1-0

[Event "*** Titled Tuesday Blitz"]
[Site "Chess.com"]
[Date "2020.05.12"]
[Round "7"]
[White "baby_leo"]
[Black "j2806"]
[Result "0-1"]
[WhiteElo "2064"]
[BlackElo "1978"]
[TimeControl "180+1"]
[EndTime "11:16:55 PDT"]
[Termination "j2806 won on time"]

1. Nf3 d5 2. c4 e6 3. b3 Nf6 4.
Bb2 Be7 5. g3 O-O 6. cxd5 exd5 7.
Bg2 c6 8. d3 Bf5 9. O-O Nbd7 10.
Nbd2 Re8 11. Re1 Nf8 12. e4 dxe4 13. dxe4 Be6 14. Qc2 h6 15. Rad1 Qc7 16. Be5 Qb6 17.
Qb2 Ng6 18. Bd4 Qc7 19. h4 a6 20. h5 Nf8 21. Be5 Qb6 22. Nd4 N8d7 23. Nxe6 fxe6 24. Nc4 Qa7 25. Bh3 Bf8 26. Nd6 Re7 27. Bd4 c5 28.
Be3 Nxh5 29. e5 g6 30. Bg4 Ng7 31. Ne4 Ree8 32. Rxd7 Re7 33. Nf6+ Kh8 34. Rxe7 Bxe7 35. Bxh6 Rf8 36. Bxg7+ Kxg7 37. Kg2 Qb6 38. Rh1 Rh8 39.
Rxh8 Kxh8 40. Qb1 Kg7 41. Qh1 Bxf6 42. exf6+ Kxf6 43. Qh8+ Kf7 44. Qh7+ Kf6 0-1

[Event "*** Titled Tuesday Blitz"]
[Site "Chess.com"]
[Date "2020.05.12"]
[Round "7"]
[White "RitvarsReimanis"]
[Black "Denis_Palkovich"]
[Result "0-1"]
[WhiteElo "2475"]
[BlackElo "2310"]
[TimeControl "180+1"]
[EndTime "11:16:56 PDT"]
[Termination "Denis_Palkovich won by resignation"]

1. d4 d5 2. c4 Bf5 3. cxd5 Bxb1 4. Qa4+ Qd7 5. Qxd7+ Nxd7 6. Rxb1 Ngf6 7. Bd2 g6 8. Nf3 Bg7 9. e3 Nxd5 10. Bc4 N5b6 11.
Bb3 O-O 12. Ke2 c5 13. Bc3 cxd4 14. Bxd4 Bxd4 15. Nxd4 Nc5 16. Rbc1 Nxb3 17. axb3 Rac8 18. Nb5 a6 19. Nc3 Rfd8 20. Rhd1 e6 21. e4 Kf8 22. f4 Ke7 23. e5 Rxd1 24. Rxd1 Nd7 25. Ne4 Rc2+ 26.
Rd2 Rxd2+ 27. Kxd2 b6 28. Kc3 f6 29. exf6+ Nxf6 30. Nxf6 Kxf6 31. Kd4 Kf5 32. g3 h6 33. b4 h5 34. h4 Kg4 35. Ke5 Kxg3 36. Kxe6 Kxf4 37. Kd6 g5 38. hxg5 Kxg5 39. Kc6 h4 40.
Kxb6 h3 41. b5 axb5 42. Kxb5 h2 43. Ka6 h1=Q 44. b4 Qa8+ 45. Kb6 Qb8+ 46. Ka5 Kf6 47.
b5 Ke6 0-1

[Event "*** Titled Tuesday Blitz"]
[Site "Chess.com"]
[Date "2020.05.12"]
[Round "7"]
[White "MariaFominykh"]
[Black "Kate1606"]
[Result "1-0"]
[WhiteElo "2334"]
[BlackElo "2074"]
[TimeControl "180+1"]
[EndTime "11:16:56 PDT"]
[Termination "MariaFominykh won on time"]

1. Nf3 c5 2. g3 Nc6 3. Bg2 g6 4.
O-O Bg7 5. d3 e5 6. e4 Nge7 7.
c3 d6 8. a3 Be6 9. b4 O-O 10.
Be3 b6 11. Ng5 Bd7 12. b5 Na5 13. c4 h6 14. Nf3 Rc8 15. Nc3 f5 16. exf5 gxf5 17.
Nh4 f4 18. Bd2 Rb8 19. Be4 Bh3 20. Re1 Qd7 21. Rb1 Bg4 22. f3 Bf5 23. g4 Bxe4 24.
Nxe4 Qe6 25. Qe2 Ng6 26. Nf5 Nb7 27. Qf2 Rbe8 28. h4 Ne7 29. Nxe7+ Qxe7 30. Kf1 Qe6 31. Ke2 d5 32. cxd5 Qxd5 33. Rec1 Rd8 34. Rc3 Na5 35. Qf1 c4 36. Kf2 cxd3 37. Rc7 Nb3 38. Bb4 Nc5 39. Qe1 Qd4+ 40. Kg2 d2 41. Nxd2 1-0

[Event "*** Titled Tuesday Blitz"]
[Site "Chess.com"]
[Date "2020.05.12"]
[Round "7"]
[White "davigator"]
[Black "SCIM"]
[Result "0-1"]
[WhiteElo "2369"]
[BlackElo "2543"]
[TimeControl "180+1"]
[EndTime "11:16:57 PDT"]
[Termination "SCIM won by resignation"]

1. e4 c5 2. Nf3 e6 3. d4 cxd4 4. Nxd4 Nc6 5. Nc3 Qc7 6. Be3 a6 7. a3 Nf6 8. f4 d6 9. Be2 Be7 10. O-O Bd7 11. Kh1 Nxd4 12. Qxd4 Bc6 13. e5 Nd7 14.
exd6 Bxd6 15. Qxg7 O-O-O 16. Qxf7 Rdf8 17. Qh5 Nf6 18.
Qh3 h5 19. Qxe6+ Kb8 20. Qb3 Ng4 21. Bg1 Bxf4 22. Rxf4 Qxf4 23. Nd5 Qe4 24. Bf3 Rxf3 25. Qxf3 Qxf3 26. gxf3 Bxd5 27. Kg2 Rf8 28. Rf1 Ne5 29.
Kg3 Nxf3 30. Bc5 Rg8+ 31. Kf4 b5 32. h3 Kb7 33. Rd1 Kc6 34. Bf2 Rf8+ 35. Ke3 Re8+ 36. Kd3 Ne5+ 37. Kd4 Nf3+ 38. Kd3 Rd8 39. Kc3 Rf8 40.
Be3 Ne5 41. Kd4 Nc4 42. Bc1 Re8 43. b3 Re4+ 44. Kd3 Ne5+ 45. Kc3 Rh4 46. Re1 Rxh3+ 47. Kb2 Nf3 48. Re8 Rh2 49. Rc8+ Kd7 50. Rh8 h4 51. Bf4 Rg2 52. Rh7+ Ke6 53. Rh6+ Kf5 54. Bc1 Be4 55. Rxa6 Rxc2+ 56. Ka1 Rxc1+ 57. Kb2 Rc2+ 58. Ka1 Nd4 59. Rb6 Rc1+ 60. Kb2 Rc2+ 61. Ka1 Nxb3+ 62.
Kb1 Rc6+ 63. Kb2 Rxb6 64. Kxb3 Rg6 0-1

[Event "*** Titled Tuesday Blitz"]
[Site "Chess.com"]
[Date "2020.05.12"]
[Round "7"]
[White "ClassyEl"]
[Black "Richarzard69"]
[Result "1-0"]
[WhiteElo "2526"]
[BlackElo "2286"]
[TimeControl "180+1"]
[EndTime "11:16:58 PDT"]
[Termination "ClassyEl won by checkmate"]

1. d4 Nf6 2. Bg5 c5 3. Bxf6 gxf6 4. d5 d6 5. e3 Na6 6. Ne2 b5 7. Ng3 Nc7 8. a4 Bd7 9. axb5 Nxb5 10. c3 Qb6 11. Qc2 Rb8 12. Nd2 Nc7 13. Nc4 Qb7 14. e4 f5 15. Bd3 fxe4 16. Bxe4 Bh6 17. O-O Bf4 18. Rfe1 h5 19. Bf3 h4 20. Nf5 Be5 21.
Nxe5 dxe5 22. Rxe5 Kd8 23. Rae1 Re8 24. Nxe7 Qb6 25.
Nc6+ Bxc6 26. dxc6 Rxe5 27. Rxe5 Ne6 28. Qd2+ Ke7 29.
Qd7+ Kf6 30. Re1 Qxb2 31. h3 Qxc3 32. Rd1 Qb2 33. c7 Rc8 34. Qxc8 Qc2 35. Qd8+ Kf5 36.
c8=Q Qc3 37. Qd5+ Qe5 38. Qxe5+ Kxe5 39. Qb7 f5 40. Qxa7 Kf4 41. Qb8+ Kg5 42. Re1 Nd4 43. Qd6 c4 44. Qxd4 f4 45. Re5+ Kh6 46. Qd6+ Kh7 47. Re7+ Kh8 48. Qd8# 1-0

[Event "*** Titled Tuesday Blitz"]
[Site "Chess.com"]
[Date "2020.05.12"]
[Round "7"]
[White "letantha"]
[Black "BIG_Pirate"]
[Result "0-1"]
[WhiteElo "2152"]
[BlackElo "2296"]
[TimeControl "180+1"]
[EndTime "11:16:58 PDT"]
[Termination "BIG_Pirate won on time"]

1. e4 d5 2. exd5 Qxd5 3. Nc3 Qa5 4. b4 Qxb4 5. Rb1 Qd6 6. Nf3 c6 7. d4 Nf6 8. Ne5 Nbd7 9. Bf4 Qa3 10. Rb3 Qa5 11. Bc4 e6 12. O-O Be7 13. Qe2 Nxe5 14. Bxe5 O-O 15. Ne4 Nd7 16. Bxg7 Kxg7 17. Rg3+ Kh8 18.
Rd1 f5 19. Ng5 Bxg5 20. Rxg5 Nf6 21. h3 Bd7 22. Qd2 Qxd2 23. Rxd2 Rad8 24. f3 Bc8 25.
c3 Nd5 26. Bxd5 Rxd5 27. f4 c5 28. Rg3 Rfd8 29. Rgd3 cxd4 30. cxd4 Bd7 31. Rc3 Bc6 32. Rcd3 Kg7 33. Kf2 Kf6 34. g4 Ra5 35. g5+ Kg6 36. Re3 Bd5 37. h4 Kh5 38. Rg3 Rxa2 39. Rxa2 Bxa2 40.
Ra3 Bd5 41. Rxa7 Kxh4 42. Ra1 Kg4 43. Ke3 Kh5 44. Rg1 Kg6 45. Rg3 Rc8 46. Kd2 Rc4 47. Kd3 Ra4 48. Rg1 Ra3+ 49. Kc2 Rf3 0-1

[Event "*** Titled Tuesday Blitz"]
[Site "Chess.com"]
[Date "2020.05.12"]
[Round "7"]
[White "spela91"]
[Black "AsselLesbekova"]
[Result "0-1"]
[WhiteElo "2086"]
[BlackElo "2262"]
[TimeControl "180+1"]
[EndTime "11:16:58 PDT"]
[Termination "AsselLesbekova won on time"]

1. e4 c5 2. Nf3 Nc6 3. Bb5 e6 4. c3 Nge7 5. O-O a6 6. Ba4 b5 7. Bc2 d6 8. d4 cxd4 9. cxd4 Ng6 10. Qe2 Be7 11. a3 O-O 12. Nc3 Qb6 13. Be3 Qd8 14.
Rfd1 Bb7 15. Rac1 Rc8 16. e5 d5 17. h3 Na5 18. Bb1 Nb3 19. Rc2 f6 20. Ba2 Na5 21. Rdc1 fxe5 22. dxe5 Nc4 23. Bd4 Nf4 24. Qd1 Bc5 25.
Kh2 Qe7 26. g3 Ng6 27. Kg2 Bxd4 28. Qxd4 Rf7 29. Nd1 Rcf8 30. Nh2 Qg5 31. Bxc4 Nf4+ 32. Kf1 dxc4 33. gxf4 Qg2+ 34. Ke1 Qxh2 35. Qd6 Bd5 36. Ne3 Qh1+ 37. Kd2 Qe4 38. Nxd5 exd5 39. Kc3 Rxf4 40. Rd2 Rf3+ 41. Kb4 c3+ 0-1

[Event "*** Titled Tuesday Blitz"]
[Site "Chess.com"]
[Date "2020.05.12"]
[Round "7"]
[White "m_ezat"]
[Black "oneshot007"]
[Result "0-1"]
[WhiteElo "2592"]
[BlackElo "2413"]
[TimeControl "180+1"]
[EndTime "11:16:59 PDT"]
[Termination "oneshot007 won by resignation"]

1. d4 g6 2. c4 Nf6 3. Nc3 Bg7 4.
e4 O-O 5. Be2 d6 6. Bg5 h6 7.
Be3 Na6 8. Qd2 Kh7 9. h4 c5 10. d5 Ng4 11. Bxg4 Bxg4 12. h5 g5 13. f4 gxf4 14. Bxf4 f5 15. Nge2 fxe4 16. Ng3 Nb4 17. Ncxe4 Rxf4 18. a3 Qa5 19. Nc3 Raf8 20. Rf1 Rxf1+ 21.
Nxf1 Bf5 22. Ne3 Nd3+ 23. Ke2 Nxb2 24. Qxb2 Bxc3 25. Qxb7 Bxa1 26. Qxe7+ Bg7 27. Nxf5 Qc3 28. Qe4 Qe5 29. Qxe5 Bxe5 30. g4 Rb8 31. Kf3 Rb3+ 32. Ke4 Rxa3 33. Ne7 Rg3 34. Kf5 Rf3+ 35. Ke6 Rf6+ 36. Kd7 a5 37. Nc6 Bc3 38. Ke7 a4 39. Na5 a3 40. Nb3 a2 41. g5 hxg5 42. h6 a1=Q 43.
Nxa1 Bxa1 44. Kd7 Be5 45. Ke7 g4 0-1

[Event "*** Titled Tuesday Blitz"]
[Site "Chess.com"]
[Date "2020.05.12"]
[Round "7"]
[White "rasmussvane"]
[Black "Fusikk"]
[Result "1-0"]
[WhiteElo "2880"]
[BlackElo "2503"]
[TimeControl "180+1"]
[EndTime "11:16:59 PDT"]
[Termination "rasmussvane won on time"]

1. Nf3 Nf6 2. g3 d5 3. Bg2 c6 4. O-O Bg4 5. h3 Bxf3 6. Bxf3 Nbd7 7. d3 e6 8. e4 Bd6 9. Nd2 O-O 10. Qe2 a5 11. a4 Qb6 12. Nb3 Bxg3 13. Be3 d4 14. Bxd4 c5 15. Nxc5 Bc7 16. Nxd7 Qd6 17. e5 Qxd7 18. Bc5 Nd5 19. Bxd5 exd5 20. Bxf8 Kxf8 21. Qg4 Qe7 22. d4 Ra6 23. Qc8+ Bd8 24. Ra3 Rc6 25.
Qf5 g6 26. Qd3 Bb6 27. Rc3 Re6 28. Rb3 f6 29. exf6 Rxf6 30. c3 Bc7 31. Kh1 Qd6 32. f4 Kg7 33. Qf3 h6 34. Rxb7 g5 35. Qg4 Rf7 36.
Rf2 Qc6 37. Rb5 Bxf4 38. Kg2 Qf6 39. Rxd5 Qc6 40. Qf3 h5 41. Rxg5+ Kh6 42. Qxc6+ 1-0

[Event "*** Titled Tuesday Blitz"]
[Site "Chess.com"]
[Date "2020.05.12"]
[Round "7"]
[White "Xtrmntr78"]
[Black "BlackWidow515"]
[Result "0-1"]
[WhiteElo "2364"]
[BlackElo "2136"]
[TimeControl "180+1"]
[EndTime "11:16:59 PDT"]
[Termination "BlackWidow515 won on time"]

1. c4 e6 2. e4 d5 3. cxd5 exd5 4.
exd5 Nf6 5. Nc3 Nxd5 6. Nf3 Be7 7. d4 O-O 8. Bd3 Nc6 9. O-O Bg4 10. Be3 Bh5 11. Be4 Nxe3 12. fxe3 Bg6 13. Bxg6 hxg6 14.
Qb3 Qd6 15. a3 a6 16. Ne4 Qd7 17. Rac1 Rab8 18. Nc5 Bxc5 19. Rxc5 Qe7 20. h4 Nd8 21. Re5 Qd6 22. Ng5 b6 23. Rf3 c5 24. Rd5 Qe7 25. Re5 Qd6 26. Ne4 Qc7 27. h5 Nc6 28. Rg5 cxd4 29.
hxg6 dxe3 30. Rxe3 Nd4 31. Qd3 Rbd8 32. Qd1 Ne6 0-1

[Event "*** Titled Tuesday Blitz"]
[Site "Chess.com"]
[Date "2020.05.12"]
[Round "7"]
[White "Kobalia"]
[Black "BogdanBelyakov89"]
[Result "0-1"]
[WhiteElo "2768"]
[BlackElo "2574"]
[TimeControl "180+1"]
[EndTime "11:17:01 PDT"]
[Termination "BogdanBelyakov89 won on time"]

1. e4 e5 2. Nf3 Nc6 3. Bb5 Nf6 4. d3 Bc5 5. Ba4 O-O 6. O-O d6 7. c3 a6 8. d4 Ba7 9. Bxc6 bxc6 10. Re1 exd4 11. Nxd4 Qe8 12. Bg5 Ng4 13. Nd2 Ne5 14. Qc2 c5 15. N4f3 Nxf3+ 16. Nxf3 Bg4 17. Qd3 Qb5 18. c4 Qc6 19. h3 Bh5 20. Bd2 Rfe8 21. Bc3 f6 22. Nd2 Re7 23. Nf1 Rae8 24. f3 Bf7 25.
Ne3 Qa4 26. b3 Qc6 27. Kh1 Bb8 28. g4 Qb7 29. Rg1 Bg6 30. Nf5 Rd7 31. h4 c6 32.
h5 Bxf5 33. gxf5 d5 34. Bxf6 dxe4 35. Qc3 Kf8 36. Bh4 Be5 37. Qc2 Bxa1 38. Rxa1 Qc7 39. Qg2 Qf4 40. Bg3 Qxf3 41. Qxf3 exf3 42. Rf1 Rd3 43.
Bh4 Re2 44. f6 gxf6 45. Bxf6 Rxa2 46. h6 Kf7 47. Bg7 Rxb3 0-1